 Dungeon Crawl Stone Soup version 0.29-a0-344-ge2f44be95a (webtiles) character file.

Game seed: 16481656681182590609

9 Morbidden the Skirmisher (level 2, 24/24 HPs)
             Began as a Demonspawn Fighter on Apr 20, 2022.
             Quit the game on level 1 of the Dungeon.
             The game lasted 00:00:17 (308 turns).

Morbidden the Skirmisher (Demonspawn Fighter)        Turns: 308, Time: 00:00:18

Health: 24/24      AC:  7    Str: 16    XL:     2   Next: 3%
Magic:  2/2        EV:  8    Int:  9    God:
Gold:   22         SH:  4    Dex: 12    Spells: 1/1 levels left

rFire   . . .      SeeInvis .   a - +0 war axe
rCold   . . .      Faith    .   c - +0 buckler
rNeg    . . .      Spirit   .   b - +0 scale mail
rPois   .          Reflect  .   (no helmet)
rElec   .          Harm     .   (no cloak)
rCorr   .          Rampage  .   (no gloves)
Will    .....                   g - +0 pair of boots
Stlth   ..........              (no amulet)
HPRegen 0.08/turn               (no ring)
MPRegen 0.08/turn               (no ring)

@: no status effects
A: claws 1
a: no special abilities


You were on level 1 of the Dungeon.
You visited 1 branch of the dungeon, and saw 1 of its levels.

You collected 22 gold pieces.

Inventory:

Hand Weapons
 a - a +0 war axe (weapon)
Armour
 b - a +0 scale mail (worn)
 c - a +0 buckler (worn)
 g - a +0 pair of boots (worn)
Scrolls
 e - a scroll of blinking {unknown}
 i - a scroll of enchant weapon {unknown}
Potions
 d - a potion of might
 f - a potion of heal wounds {unknown}
 h - a potion of attraction {unknown}


   Skills:
 + Level 3.1 Fighting
 + Level 1.9 Axes
 + Level 2.9 Armour
 + Level 2.8 Shields


You had one spell level left.
You didn't know any spells.
Your spell library was empty.

Dungeon Overview and Level Annotations

Branches:
Dungeon (1/15)

Altars:


Innate Abilities, Weirdness & Mutations

You have sharp fingernails.


Message History

There are monsters nearby!
You hit the kobold.
You kill the kobold!
You barely miss the frilled lizard. The frilled lizard barely misses you.
The frilled lizard bites you but does no damage.
A frilled lizard is nearby!
You barely miss the frilled lizard.
The frilled lizard bites you but does no damage.
A frilled lizard is nearby!
You closely miss the frilled lizard.
The frilled lizard bites you but does no damage.
A frilled lizard is nearby!
You closely miss the frilled lizard. The frilled lizard barely misses you.
The frilled lizard bites you but does no damage.
A frilled lizard is nearby!
You slash the frilled lizard!
You kill the frilled lizard!
Key pressed, stopping explore.
No target in view!
No target in view!
Things that are here:
a +0 short sword; a kobold corpse No target in view!
A hobgoblin comes into view.
The hobgoblin shouts!
A hobgoblin is nearby!
A hobgoblin is nearby!
You block the hobgoblin's attack.
A hobgoblin is nearby!
You hit the hobgoblin.
The hobgoblin is heavily wounded.
The hobgoblin hits you but does no damage. x2
A hobgoblin is nearby!
You hit the hobgoblin.
You kill the hobgoblin!
You have reached level 2!
Your demonic ancestry asserts itself...
Your fingernails lengthen.
Found 2 poisoned darts.
Are you sure you want to abandon this character and quit the game? (Confirm with "yes".)

......... #(...
......... #... .........
#... ......... #..
......... #.. .###.####
#.# #[ ##.# ##########
.#####.@#######≈≈≈≈≈≈≈≈≈
.............#≈≈≈≈≈≈≈≈≈≈
..###........#°≈#≈○≈≈#○≈
##.........#≈≈≈≈≈≈≈≈≈≈
....#....####≈≈≈≈≈≈≈≈≈≈
..........##############
..........##..'....<....
.............###########
..#.......##.#≈≈≈≈≈≈≈§°≈


There were no monsters in sight!

Vanquished Creatures
  A ball python (D:1)
  A giant cockroach (D:1)
  A hobgoblin (D:1)
  A quokka (D:1)
  A bat (D:1)
  2 frilled lizards (D:1)
  A kobold (D:1)
  A rat (D:1)
9 creatures vanquished.

Notes
Turn   | Place    | Note
-------+----------+-------------------------------------------
     0 | D:1      | Morbidden the Demonspawn Fighter began the quest for the
                  | Orb.
     0 | D:1      | Reached XP level 1. HP: 18/18 MP: 1/1
   303 | D:1      | Gained mutation: You have sharp fingernails. [demonic
                  | ancestry]
   303 | D:1      | Reached XP level 2. HP: 24/24 MP: 2/2
   308 | D:1      | Quit the game

Illustrated notes

Levels and vault maps discovered:
D:1:      saegor_arrival_miasma, layout_rooms,
          dilly_ecumenical_altar_fadedgnrine

Action                   || total
-------------------------++-------
Melee: War axe           ||    29
Armor: Scale mail        ||    17
Dodge: Dodged            ||    11
Block: Buckler           ||     9

Table legend: (Time is in decaauts)
 A = Elapsed time spent in this place.
 B = Non-inter-level travel time spent in this place.
 C = Inter-level travel time spent in this place.
 D = Time resting spent in this place.
 E = Time spent auto-exploring this place.
 F = Levels seen in this place.
 G = Mean time per level.
                   A        B        C        D        E       F      G
               +--------+--------+--------+--------+--------+-----+--------+
         Total |    320 |    320 |      0 |      0 |    235 |   1 |  320.0 |
       Dungeon |    320 |    320 |      0 |      0 |    235 |   1 |  320.0 |
               +--------+--------+--------+--------+--------+-----+--------+

Top non-repeatable levels by time:
     D:1: 320 daAuts
